 Dungeon Crawl Stone Soup version 0.31-a0-175-g9f7f995f2b (webtiles) character file.

Game seed: 17749286332793453137

67 Maxmaps the Shooter (level 4, 0/33 HPs)
             Began as a Formicid Hunter on June 17, 2023.
             Slain by a gnoll
             ... wielding a +0 flail
              (10 damage)
             ... on level 2 of the Dungeon.
             The game lasted 00:01:18 (1236 turns).

Maxmaps the Shooter (Formicid Hunter)               Turns: 1236, Time: 00:01:19

Health: 0/33       AC:  3    Str: 15    XL:     4   Next: 38%
Magic:  4/4        EV: 10    Int:  9    God:
Gold:   116        SH: 12    Dex: 19    Spells: 3/3 levels left

rFire   + . .        a - +0 shortbow
rCold   + . .        h - +2 kite shield
rNeg    . . .        c - +0 leather armour
rPois   .            (helmet unavailable)
rElec   .            g - scarf {rC+ rF+}
rCorr   .            (no gloves)
SInv    +            (no boots)
Will    .....        (no amulet)
Stlth   ++           (no ring)
HPRegen 0.25/turn    (no ring)
MPRegen 0.09/turn

%: no passive effects
@: brilliant
A: permanent stasis, dig shafts and tunnels, antennae 3, four strong arms
a: Dig, Shaft Self


You were on level 2 of the Dungeon.
You visited 1 branch of the dungeon, and saw 3 of its levels.

You collected 116 gold pieces.

Inventory:

Hand Weapons
 a - a +0 shortbow (weapon)
Armour
 c - a +0 leather armour (worn)
 g - a scarf of resistance (worn)
 h - a +2 kite shield (worn)
Scrolls
 b - a scroll of butterflies
 d - 3 scrolls of identify {unknown}
 e - a scroll of summoning {unknown}
 i - a scroll of teleportation {unknown}
 j - a scroll of immolation {unknown}
Potions
 f - a potion of brilliance


   Skills:
 - Level 2.1 Fighting
 - Level 4.5 Ranged Weapons
 - Level 1.7 Dodging
 - Level 1.2 Stealth
 + Level 4.0 Shields


You had 3 spell levels left.
You didn't know any spells.
Your spell library contained the following spells:

 Spells                   Type           Power      Damage    Failure   Level
 Frozen Ramparts          Ice            0%         1d1       99%         3
 Ice Form                 Ice/Tmut       0%         N/A       100%        4
 Summon Ice Beast         Ice/Summ       0%         N/A       100%        4


Dungeon Overview and Level Annotations

Branches:
Dungeon (3/15)

Altars:

Shops:
D:3 [


Innate Abilities, Weirdness & Mutations

You cannot be hasted, slowed, berserked, paralysed or teleported.
You can dig through walls and to a lower floor.
You have a pair of large antennae on your head. (SInv)
Your four strong arms can wield two-handed weapons with a shield.


Message History

Press: ? - help, Shift-Dir - straight line, f/p - gnoll
Aim: a gnoll, wielding a +0 flail (lightly wounded, 68% to hit)
You shoot an arrow. The arrow closely misses the gnoll.
The arrow completely misses the gnoll.
The gnoll closely misses you.
Fire: a) +0 shortbow
Press: ? - help, Shift-Dir - straight line, f/p - gnoll
Aim: a gnoll, wielding a +0 flail (lightly wounded, 68% to hit)
You shoot an arrow. The arrow hits the gnoll.
The gnoll is lightly wounded.
The gnoll barely misses you.
Fire: a) +0 shortbow
Press: ? - help, Shift-Dir - straight line, f/p - gnoll
Aim: a gnoll, wielding a +0 flail (lightly wounded, 68% to hit)
You shoot an arrow. The arrow hits the gnoll.
The gnoll is moderately wounded.
You block the gnoll's attack.
Fire: a) +0 shortbow
Press: ? - help, Shift-Dir - straight line, f/p - gnoll
Aim: a gnoll, wielding a +0 flail (lightly wounded, 68% to hit)
You shoot an arrow. The arrow hits the gnoll.
The gnoll is almost dead.
You block the gnoll's attack.
Fire: a) +0 shortbow
Press: ? - help, Shift-Dir - straight line, f/p - gnoll
Aim: a gnoll, wielding a +0 flail (lightly wounded, 68% to hit)
You shoot an arrow. The arrow hits the gnoll.
You kill the gnoll!
Your Shields skill increases to level 4!
Unknown command.
Fire: a) +0 shortbow
Press: ? - help, Shift-Dir - straight line, f/p - gnoll
Aim: a gnoll, wielding a +0 flail (lightly wounded, 68% to hit)
You shoot an arrow. The arrow barely misses the gnoll.
The gnoll hits you but does no damage.
Fire: a) +0 shortbow
Press: ? - help, Shift-Dir - straight line, f/p - gnoll
Aim: a gnoll, wielding a +0 flail (lightly wounded, 68% to hit)
You shoot an arrow. The arrow barely misses the gnoll.
You block the gnoll's attack. The gnoll hits you with a +0 flail!
You die...

### ##.##################
###.#............##...##
.#.###.#########.#.###.# ..##
##...........)..#.#
.#.###.#########>#.#.#.########
....#.....#### #g##...........#
.##...###....# #@############.#
.###.## ####.# #.### #.# .....#
#.# #...# #.# ..#### #.# ###.#
#.# .^# #.# #.## #.#
..##########.#####..##### #.#
...........#.######.##### #.#
#.#.######.#.######.##### #.#
............†..####.#########.###


You could see a gnoll.

Vanquished Creatures
  An adder (D:2)
  A gnoll (D:2)
  2 worms (D:2)
  2 dart slugs (D:2)
  2 ball pythons
  4 endoplasms
  5 goblins
  2 hobgoblins
  3 jackals (D:2)
  4 bats (D:1)
  5 frilled lizards
  4 kobolds
  2 rats
37 creatures vanquished.

Notes
Turn   | Place    | Note
-------+----------+-------------------------------------------
     0 | D:1      | Maxmaps the Formicid Hunter began the quest for the Orb.
     0 | D:1      | Reached XP level 1. HP: 16/16 MP: 1/1
   113 | D:1      | Reached XP level 2. HP: 22/22 MP: 2/2
   255 | D:1      | Reached skill level 1 in Shields
   596 | D:2      | Reached XP level 3. HP: 27/27 MP: 3/3
   772 | D:2      | Found a faded altar of an unknown god.
   884 | D:2      | Reached XP level 4. HP: 29/33 MP: 4/4
  1213 | D:3      | Found Ygumul's Antique Armour Boutique.
  1236 | D:2      | Slain by a gnoll

Illustrated notes

Levels and vault maps discovered:
D:1:      eino_arrival_cavern_a, layout_rooms
D:2:      layout_loops_ring, chequers_ecumenical_altar_grove,
          reono_crystal_passage
D:3:      minmay_skewed_foursquare, layout_rooms,
          mainiacjoe_overflow_tiny_flanked, serial_shops, shop, shop,
          nicolae_shop_peninsula, nicolae_shop_tiny_glass, shop, uniq_terence

Skill      XL: |  1  2  3  4 |
---------------+-------------+-----
Shields        | 1 3 4 |  4.0
Fighting       | |  2.1
Ranged Weapons | |  4.5
Dodging        | |  1.7
Stealth        | |  1.2

Action                     |  1- 3 |  4- 6 || total
---------------------------+-------+-------++-------
   Fire: Shortbow          |   110 |    24 ||   134
    Use: Potion            |       |     1 ||     1
 Armour: Leather armour    |    12 |     1 ||    13
  Dodge: Dodged            |    21 |     8 ||    29
  Block: Kite shield       |    38 |     7 ||    45

Table legend: (Time is in decaauts)
 A = Elapsed time spent in this place.
 B = Non-inter-level travel time spent in this place.
 C = Inter-level travel time spent in this place.
 D = Time resting spent in this place.
 E = Time spent auto-exploring this place.
 F = Levels seen in this place.
 G = Mean time per level.
                   A        B        C        D        E       F      G
               +--------+--------+--------+--------+--------+-----+--------+
         Total |   1285 |   1234 |     51 |      0 |    950 |   3 |  428.3 |
       Dungeon |   1285 |   1234 |     51 |      0 |    950 |   3 |  428.3 |
               +--------+--------+--------+--------+--------+-----+--------+

Top non-repeatable levels by time:
     D:2: 780 daAuts
     D:1: 490 daAuts
     D:3: 14 daAuts
